 Dungeon Crawl Stone Soup version 0.25.1-11-g244df3a29b (webtiles) character file.

Game seed: 4105025215593389767

82872 tkbsonic5 the Destroyer (level 15, -2/89 HPs)
             Began as a Tengu Fire Elementalist on Jan 14, 2023.
             Was the Champion of Ru.
             Killed by divine providence
             ... invoked by an orc priest
              (13 damage)
             ... on level 1 of the Orcish Mines on Jan 23, 2023.
             The game lasted 03:30:32 (41265 turns).

tkbsonic5 the Destroyer (Tengu Fire Elementalist)  Turns: 41265, Time: 03:30:33

Health: -2/89      AC: 17    Str:  8    XL:     15   Next: 75%
Magic:  26/30      EV: 13    Int: 23    God:    Ru [******]
Gold:   2120       SH:  0    Dex: 14    Spells: 1/35 levels left

rFire    + . .     SeeInvis .   C - +7 falchion (elec)
rCold    . . .     Gourm    .   (no shield)
rNeg     . . .     Faith    .   J - +2 robe {MR+}
rPois    +         Spirit   .   (helmet restricted)
rElec    .         Reflect  .   o - +1 cloak
rCorr    .         Harm     .   n - +2 pair of gloves
MR       ++...                  (boots unavailable)
Stlth    ..........             q - amulet of regeneration
HPRegen  0.64/turn              j - +4 ring of protection
MPRegen  0.22/turn              N - +4 ring of protection

@: flying quickly and evasively, lightly drained, quick
A: beak, claws 1, talons 3, fire resistance 1, poison resistance, no stealth,
inability to use devices, hated by all, inability to train dodging, unskilled 1,
able to fly
a: Stop Flying, Draw Out Power, Power Leap, Apocalypse, Renounce Religion


You were on level 1 of the Orcish Mines.
You worshipped Ru.
Ru was exalted by your worship.
You were not hungry.

You visited 4 branches of the dungeon, and saw 23 of its levels.

You collected 3184 gold pieces.
You spent 1064 gold pieces at shops.

Inventory:

Hand Weapons
 h - the +10 great mace of Dul Yram {pain, rC++ Int+2}
   (You found it on level 1 of the Lair of Beasts)

   In the hands of one skilled in necromantic magic, it inflicts extra damage on
   living creatures.
   It affects your intelligence (+2).
   It greatly protects you from cold.
 u - a +3 war axe of venom
 B - a +0 hunting sling of freezing
 C - a +7 falchion of electrocution (weapon)
 R - a +0 hunting sling of flaming
Missiles
 l - 95 poisoned darts
 w - 124 sling bullets
 z - 5 atropa-tipped darts
 D - 13 javelins (quivered)
 G - 2 throwing nets
 K - 390 arrows
Armour
 k - a +0 buckler
 n - a +2 pair of gloves (worn)
 o - a +1 cloak (worn)
 p - a +1 robe of fire resistance
 t - a +2 robe of fire resistance
 x - +0 acid dragon scales
 A - +0 steam dragon scales
 I - a +1 pair of gloves
 J - a +2 robe of magic resistance (worn)
Magical Staves
 f - an uncursed staff of earth
Jewellery
 a - an uncursed ring of poison resistance
 e - an uncursed ring of see invisible
 j - a +4 ring of protection (left hand)
 q - an amulet of regeneration (around neck)
 s - an uncursed ring of positive energy
 v - an uncursed amulet of the acrobat
 N - a +4 ring of protection (right hand)
 Q - a +4 ring of protection
 T - an uncursed ring of protection from magic {unknown}
Scrolls
 i - 13 scrolls of remove curse
 F - a scroll of silence
 M - 2 scrolls of teleportation
 P - a scroll of fear
Potions
 b - a potion of mutation
 g - 3 potions of ambrosia
 m - 3 potions of flight
 E - a potion of curing
 L - a potion of heal wounds
 O - 4 potions of lignification
Miscellaneous
 c - a phantom mirror
Comestibles
 d - 3 rations


   Skills:
 * Level 8.6(8.5) Fighting
 * Level 8.3(8.1) Long Blades
 - Level 2.0(1.9) Maces & Flails
   Level 3.0(2.8) Polearms
 - Level 4.2(4.1) Slings
 - Level 0.1(2.3) Throwing
 - Level 4.0(3.9) Armour
 * Level 10.5(10.4) Spellcasting
 * Level 14.1(13.9) Conjurations
 + Level 4.9(4.8) Charms
 + Level 0.9(0.8) Translocations
 * Level 12.2(12.0) Fire Magic
 + Level 5.7(5.6) Earth Magic


You had one spell level left.
You knew the following spells:

 Your Spells              Type           Power        Failure   Level  Hunger
a - Foxfire               Conj/Fire      ####         1%          1    None
b - Orb of Destruction    Conj           ######....   14%         7    #######
c - Sticky Flame          Conj/Fire      ######..     1%          4    #......
d - Fireball              Conj/Fire      ######....   1%          5    ####...
e - Iron Shot             Conj/Erth      ######....   16%         6    ######.
f - Iskenderun's Battles  Conj/Chrm      ######..     3%          5    ####...
g - Magic Dart            Conj           ####         1%          1    None
h - Conjure Flame         Conj/Fire      ######..     1%          3    None
i - Blink                 Tloc           N/A          6%          2    None

Your spell library contained the following spells:

 Spells                   Type           Power        Failure   Level  Hunger
 Apportation              Tloc           ###...       3%          1    None
 Corona                   Hex            ##.....      5%          1    None
 Freeze                   Ice            ##..         5%          1    None
 Inner Flame              Hex/Fire       #####...     1%          3    None
 Stone Arrow              Conj/Erth      ######       1%          3    None
 Bolt of Magma            Conj/Fire/Erth ######....   1%          5    ####...
 Mephitic Cloud           Conj/Pois/Air  ####....     2%          3    None
 Hailstorm                Conj/Ice       #####...     3%          4    #......
 Ozocubu's Armour         Chrm/Ice       ###.....     6%          3    None
 Corpse Rot               Necr/Air       N/A          9%          2    None
 Poisonous Vapours        Pois/Air       ##....       9%          2    None
 Slow                     Hex            ##......     9%          2    None
 Gell's Gravitas          Tloc           ###.......   12%         3    None
 Confusing Touch          Hex            ##......     16%         3    None
 Frozen Ramparts          Ice            ##....       16%         3    None
 Petrify                  Tmut/Erth      ###.....     17%         4    #......
 Freezing Cloud           Conj/Ice/Air   ####......   77%         6    ######.
 Ring of Flames           Chrm/Fire      ######....   82%         7    #######
 Metabolic Englaciation   Hex/Ice        ##........   83%         5    ####...
 Yara's Violent Unravell  Hex/Tmut       ##........   83%         5    ####...
 Eringya's Noxious Bog    Tmut/Pois      ##........   100%        6    ######.
 Hydra Form               Tmut           ##........   100%        6    ######.
 Animate Skeleton         Necr           Unusable     N/A         1    N/A
 Summon Small Mammal      Summ           Unusable     N/A         1    N/A
 Call Imp                 Summ           Unusable     N/A         2    N/A
 Summon Ice Beast         Ice/Summ       Unusable     N/A         4    N/A
 Summon Forest            Summ/Tloc      Unusable     N/A         5    N/A
 Spellforged Servitor     Conj/Summ      Unusable     N/A         7    N/A
 Summon Hydra             Summ           Unusable     N/A         7    N/A

Dungeon Overview and Level Annotations

Branches:
Dungeon (15/15)            Temple (1/1) D:6            Lair (6/6) D:10
  Swamp (0/4) Lair:3        Snake (0/4) Lair:3        Slime (0/5) Lair:6
    Orc (1/2) D:10         Vaults (0/5) D:13         Depths (0/5) D:15

Altars:
Ashenzari
Cheibriados
Dithmenos
Fedhas
Hepliaklqana
Kikubaaqudgha
Qazlal
Ru
Trog
Vehumet
The Shining One
Jiyva

Shops:
D:6 [%[   D:11 :   D:13 [   D:14 =   D:15 (

Annotations:
D:2 1 runed translucent door, Crazy Yiuf, Robin
D:5 Blork the orc
D:12 2 transporters, Urer Fia's ghost, journeyman TrMo
Lair:5 exclusion: oklob plant


Innate Abilities, Weirdness & Mutations

You have a beak for a mouth.
You have claws for feet.
You cannot be stealthy.
You cannot study or use magical devices.
You are hated by all.
You cannot train Dodging skill.
You are somewhat unskilled. (-1 Apt)
You can fly continuously.
You have sharp fingernails.
Your flesh is heat resistant. (rF+)
Your system is resistant to poisons. (rPois)


Message History

You conjure some foxfire!
The foxfire hits the orc warrior.
The orc warrior is lightly wounded.
The foxfire hits the orc warrior.
The orc warrior is lightly wounded.
The orc sorcerer casts a spell at you. You resist with almost no effort.
The orc warrior hits you from afar with a +0 halberd!!
The orc warrior misses you.
The orc warrior hits you but does no damage.
Casting: Foxfire (safe; 1% risk of failure)
Confirm with . or Enter, or press ? or * to list all spells.
You conjure some foxfire!
The foxfire hits the orc warrior but does no damage. x2
The orc warrior is moderately wounded.
The orc warrior hits you from afar with a +0 halberd!!
* * * LOW HITPOINT WARNING * * *
The orc warrior completely misses you. The orc warrior barely misses you.
The orc priest invokes the aid of Beogh against you.
Beogh smites you!
You die...

$....# ..... #
..... .... ..
.... .#.## #
... ... ....#.#
....#..#.......
......o........
.#..$o[.)......
.o....v@o......
.....o.#v......
.....o. .......
.#.#... .......
#.#.... ...o...
....... .......
.o.$... #......
....... ..$...


You could see an orc knight, an orc sorcerer, 4 orc warriors and 2 orc priests.

Vanquished Creatures
  Gastronok (D:9)
  Kirke (Lair:4)
  A fire dragon (Lair:6)
  Harold (D:9)
  Erolcha (D:9)
  9 hydras
  A centaur warrior (D:13)
  2 catoblepae (Lair:6)
  A death knight (D:15)
  7 two-headed ogres
  6 death yaks (Lair:6)
  Nergalle (D:10)
  A fire crab (Lair:4)
  A skeletal warrior (D:13)
  A glowing orange brain (D:15)
  An unseen horror (D:14)
  A swamp dragon (Lair:6)
  2 orc knights
  5 ugly things
  A deep elf mage (D:12)
  4 cyclopes
  4 manticores
  An oklob plant (Lair:5)
  8 elephants
  Psyche (D:9)
  6 orange demons (D:15)
  4 torpor snails
  4 black mambas
  8 spiny frogs
  A spiny frog (shapeshifter) (D:15)
  A komodo dragon (shapeshifter) (D:14)
  A kobold demonologist (D:13)
  3 rime drakes
  7 komodo dragons
  3 red devils (D:15)
  A troll (shapeshifter) (D:15)
  A polar bear (Lair:6)
  2 trolls
  A blink frog (shapeshifter) (D:15)
  Prince Ribbit (D:9)
  11 blink frogs
  2 hornets
  8 hippogriffs
  9 dream sheep
  10 slime creatures
  5 redbacks (D:14)
  A tarantella (D:14)
  Sigmund (D:2)
  48 yaks
  4 water elementals (D:13)
  3 wraiths
  2 wyverns
  A human (D:8)
  5 basilisks
  A hog (shapeshifter) (D:15)
  6 hogs
  4 steam dragons (Lair:6)
  2 vampire mosquitoes (D:15)
  5 hungry ghosts
  3 nagas (Lair:3)
  A warg (D:10)
  5 acid dragons
  Duvessa (D:5)
  10 water moccasins
  11 porcupines
  6 orc warriors
  3 ice beasts
  4 sky beasts
  A black bear (Lair:5)
  An eye of draining (D:12)
  A hornet zombie (D:7)
  13 ogres
  A phantom (D:9)
  13 wolves
  11 centaurs
  18 crocodiles
  5 big kobolds
  18 bullfrogs
  A gnoll sergeant (D:10)
  Dowan (D:5)
  A water moccasin zombie (D:9)
  A wyvern zombie (D:7)
  A scorpion (D:10)
  A wyvern skeleton (D:13)
  3 killer bees
  10 wights
  13 howler monkeys
  7 electric eels
  4 crimson imps
  3 centaur zombies
  3 bullfrog zombies
  2 quasits
  A gnoll shaman (D:7)
  7 hounds
  8 bullfrog skeletons
  8 orc priests
  5 centaur skeletons
  6 jellies
  14 orc wizards
  6 iguanas
  7 worker ants
  A killer bee zombie (D:5)
  A hound skeleton (D:7)
  A mummy (D:8)
  12 adders
  7 gnolls
  5 shadow imps
  An ooze (D:3)
  An adder skeleton (D:7)
  An adder zombie (D:8)
  A worm (D:2)
  2 dart slugs
  5 leopard geckos
  65 orcs
  8 bats
  7 giant cockroaches
  15 goblins
  5 hobgoblins
  5 jackals
  4 quokkas
  3 ball pythons
  5 frilled lizards
  3 hobgoblin zombies (D:8)
  24 kobolds
  A kobold zombie (D:8)
  14 rats
  A foxfire (D:12)
  A fungus (Lair:6)
  14 plants
687 creatures vanquished.

Vanquished Creatures (others)
  2 yaks (Lair:4)
  A hog (Lair:4)
  An ogre (D:14)
  A centaur (D:11)
  A bullfrog (D:10)
  A bush (D:7)
  921 foxfires
  12 fungi
  19 plants
959 creatures vanquished.

Grand Total: 1646 creatures vanquished

Notes
Turn   | Place    | Note
-------+----------+-------------------------------------------
     0 | D:1      | tkbsonic5 the Tengu Fire Elementalist began the quest for
                  | the Orb.
     0 | D:1      | Reached XP level 1. HP: 10/10 MP: 4/4
   197 | D:1      | Reached XP level 2. HP: 15/15 MP: 3/6
   373 | D:1      | Reached skill level 2 in Conjurations
   373 | D:1      | Reached XP level 3. HP: 2/20 MP: 1/7
   772 | D:1      | Learned a level 3 spell: Conjure Flame
  1360 | D:1      | Found a stormy altar of Qazlal.
  1466 | D:2      | Reached skill level 1 in Fighting
  1593 | D:2      | Reached XP level 4. HP: 25/25 MP: 4/8
  1599 | D:2      | Learned a level 4 spell: Sticky Flame
  1678 | D:2      | Noticed an ice beast
  1727 | D:2      | Killed an ice beast
  1727 | D:2      | Reached skill level 3 in Conjurations
  1727 | D:2      | Gained mutation: You can fly continuously. [Tengu growth]
  1727 | D:2      | Reached XP level 5. HP: 8/29 MP: 2/10
  2468 | D:2      | Noticed Sigmund
  2482 | D:2      | Killed Sigmund
  2482 | D:2      | Reached skill level 4 in Conjurations
  2482 | D:2      | Reached skill level 5 in Fire Magic
  2482 | D:2      | Reached XP level 6. HP: 34/34 MP: 0/12
  2629 | D:2      | Noticed Robin
  3241 | D:2      | Found a glowing golden altar of the Shining One.
  3302 | D:2      | Found a snail-covered altar of Cheibriados.
  3692 | D:2      | Found a runed translucent door.
  3693 | D:2      | Noticed Crazy Yiuf
  4394 | D:3      | Found a sacrificial altar of Ru.
  4440 | D:3      | Became a worshipper of Ru the Awakened
  4820 | D:3      | Reached skill level 5 in Conjurations
  5008 | D:4      | Reached XP level 7. HP: 38/38 MP: 8/14
  5207 | D:4      | Found a glowing golden altar of the Shining One.
  5400 | D:4      | Found an ancient bone altar of Kikubaaqudgha.
  5668 | D:4      | Learned a level 5 spell: Fireball
  5899 | D:4      | Reached skill level 6 in Conjurations
  6261 | D:4      | Found a hazy altar of Hepliaklqana.
  6479 | D:5      | Entered Level 5 of the Dungeon
  6683 | D:5      | Noticed Blork the orc
  6686 | D:5      | Gained mutation: You cannot train Dodging skill. [Ru
                  | sacrifice]
  6686 | D:5      | Reached * piety under Ru
  6688 | D:5      | Reached XP level 8. HP: 30/43 MP: 3/16
  6731 | D:5      | Reached skill level 5 in Spellcasting
  6986 | D:5      | Noticed Duvessa
  6986 | D:5      | Noticed Dowan
  7048 | D:5      | Killed Duvessa
  7048 | D:5      | Reached skill level 1 in Slings
  7049 | D:5      | Killed Dowan
  7654 | D:5      | Reached skill level 7 in Conjurations
  7947 | D:6      | Found Onewkeol's Food Shop.
  8024 | D:6      | Found Zedghu's Food Shoppe.
  8032 | D:6      | Found Ujod's Antique Armour Emporium.
  8040 | D:6      | Bought a fabulously ornate robe for 159 gold pieces
  8050 | D:6      | Identified the cursed +1 robe of the Trout {rCorr Int+2}
                  | (You bought it in a shop on level 6 of the Dungeon)
  8248 | D:6      | Found a bloodstained altar of Trog.
  8250 | D:6      | Found a radiant altar of Vehumet.
  8801 | D:6      | Found Xuikhies's Antique Armour Shop.
  8836 | D:6      | Found a staircase to the Ecumenical Temple.
  9077 | D:6      | Bought a ration for 50 gold pieces
  9077 | D:6      | Bought a ration for 50 gold pieces
  9095 | D:7      | Noticed a hornet
  9100 | D:7      | Killed a hornet
  9100 | D:7      | Reached skill level 8 in Conjurations
  9100 | D:7      | Reached XP level 9. HP: 50/50 MP: 5/18
  9578 | D:7      | Noticed a two-headed ogre
  9600 | D:7      | Killed a two-headed ogre
  9600 | D:7      | Reached skill level 1 in Polearms
  9600 | D:7      | Reached skill level 9 in Conjurations
  9961 | D:7      | Gained mutation: You cannot be stealthy. [Ru sacrifice]
  9961 | D:7      | Reached ** piety under Ru
 10272 | D:7      | Found a bloodstained altar of Trog.
 10459 | D:7      | Found a blossoming altar of Fedhas.
 10761 | D:7      | Reached skill level 1 in Armour
 10761 | D:7      | Reached skill level 1 in Evocations
 10761 | D:7      | Reached XP level 10. HP: 56/56 MP: 11/21
 11058 | D:8      | Noticed a two-headed ogre
 11063 | D:8      | Killed a two-headed ogre
 11395 | D:8      | Reached skill level 10 in Conjurations
 11672 | D:8      | Learned a level 5 spell: Bolt of Magma
 11678 | D:8      | Learned a level 5 spell: Iskenderun's Battlesphere
 12780 | D:9      | Noticed Erolcha
 12789 | D:9      | Killed Erolcha
 12789 | D:9      | Reached skill level 5 in Fighting
 12789 | D:9      | Reached skill level 1 in Long Blades
 12789 | D:9      | Reached skill level 1 in Charms
 12789 | D:9      | Reached XP level 11. HP: 55/63 MP: 3/23
 12987 | D:9      | Gained mutation: You are somewhat unskilled. (-1 Apt) [Ru
                  | sacrifice]
 12987 | D:9      | Reduced skill Conjurations to level 9
 12987 | D:9      | Reached *** piety under Ru
 13145 | D:9      | Found a shattered altar of Ashenzari.
 13154 | D:9      | Reached skill level 1 in Charms
 13155 | D:9      | Noticed Harold
 13164 | D:9      | Killed Harold
 13164 | D:9      | Reached skill level 1 in Earth Magic
 13596 | D:9      | Reached skill level 10 in Conjurations
 13709 | D:9      | Noticed Gastronok
 13734 | D:9      | Killed Gastronok
 13734 | D:9      | Reached skill level 5 in Fighting
 14364 | D:9      | Noticed Psyche
 14367 | D:9      | Killed Psyche
 14643 | D:9      | Noticed Prince Ribbit
 14646 | D:9      | Killed Prince Ribbit
 15165 | D:10     | Entered Level 10 of the Dungeon
 15218 | D:10     | Found a staircase to the Lair.
 15787 | D:10     | Found a staircase to the Orcish Mines.
 16218 | D:10     | Gained mutation: You cannot study or use magical devices.
                  | [Ru sacrifice]
 16218 | D:10     | Reached **** piety under Ru
 16218 | D:10     | Reached ***** piety under Ru
 16524 | Temple   | Entered the Ecumenical Temple
 16630 | Lair:1   | Entered Level 1 of the Lair of Beasts
 16887 | Lair:1   | Noticed a four-headed hydra
 16898 | Lair:1   | Killed a four-headed hydra
 16918 | Lair:1   | Reached XP level 12. HP: 55/69 MP: 1/24
 18237 | Lair:1   | Got an encrusted great mace
 18238 | Lair:1   | Identified the +10 great mace of Dul Yram {pain, rC++
                  | Int+2} (You found it on level 1 of the Lair of Beasts)
 19088 | Lair:2   | Noticed a six-headed hydra
 19092 | Lair:2   | Killed a six-headed hydra
 19417 | D:6      | Bought a ration for 50 gold pieces
 19417 | D:6      | Bought a ration for 50 gold pieces
 19417 | D:6      | Bought a ration for 50 gold pieces
 19417 | D:6      | Bought a ration for 50 gold pieces
 19417 | D:6      | Bought a ration for 50 gold pieces
 19417 | D:6      | Bought a ration for 50 gold pieces
 19534 | Lair:2   | Reached skill level 11 in Conjurations
 20130 | Lair:2   | Learned a level 3 spell: Inner Flame
 20130 | Lair:2   | Gained mutation: You are hated by all. [Ru sacrifice]
 20130 | Lair:2   | Reached ****** piety under Ru
 20877 | Lair:3   | Noticed an eight-headed hydra
 20882 | Lair:3   | Killed an eight-headed hydra
 20882 | Lair:3   | Reached skill level 10 in Fire Magic
 21147 | Lair:3   | Found a staircase to the Swamp.
 21158 | Lair:3   | Found a staircase to the Snake Pit.
 21655 | Lair:3   | Got a smoking chain mail
 21968 | Lair:3   | Reached XP level 13. HP: 75/75 MP: 2/26
 22643 | Lair:4   | Noticed Kirke
 22975 | Lair:4   | Identified the +2 chain mail of Greed {*Slow rElec Str+9
                  | Dex-3} (You found it on level 3 of the Lair of Beasts)
 24128 | Lair:4   | Killed Kirke
 24552 | Lair:4   | Reached skill level 12 in Conjurations
 25530 | D:6      | Bought a ration for 50 gold pieces
 25559 | D:6      | Bought a ration for 65 gold pieces
 25559 | D:6      | Bought a ration for 65 gold pieces
 25772 | Lair:5   | Reached skill level 5 in Long Blades
 25793 | Lair:5   | Gained mutation: Your flesh is heat resistant. (rF+)
                  | [potion of mutation]
 25793 | Lair:5   | Gained mutation: You have sharp fingernails. [potion of
                  | mutation]
 25793 | Lair:5   | Gained mutation: Your system is resistant to poisons.
                  | (rPois) [potion of mutation]
 27648 | Lair:6   | Entered Level 6 of the Lair of Beasts
 27708 | Lair:6   | Reached XP level 14. HP: 82/82 MP: 15/28
 28338 | Lair:6   | HP: 1/82 [spiny frog (14)]
 29253 | Lair:6   | Reached skill level 5 in Earth Magic
 29442 | Lair:6   | Found a staircase to the Slime Pits.
 29442 | Lair:6   | Found a viscous altar of Jiyva.
 30418 | Lair:6   | Reached skill level 13 in Conjurations
 31420 | D:6      | Bought a ration for 65 gold pieces
 31420 | D:6      | Bought a ration for 65 gold pieces
 31420 | D:6      | Bought a ration for 65 gold pieces
 31420 | D:6      | Bought a ration for 65 gold pieces
 31420 | D:6      | Bought a ration for 65 gold pieces
 31762 | D:11     | Found Fikh's Book Shoppe.
 33120 | D:12     | Learned a level 7 spell: Orb of Destruction
 33777 | D:12     | Found a transporter.
 33778 | D:12     | Noticed Urer Fia's ghost (journeyman TrMo)
 33898 | D:12     | Found a transporter.
 34044 | D:12     | Reached skill level 10 in Spellcasting
 34624 | D:13     | Reached XP level 15. HP: 88/88 MP: 16/30
 35941 | D:13     | Learned a level 6 spell: Iron Shot
 35945 | D:13     | Learned a level 3 spell: Conjure Flame
 35993 | D:13     | Found a gate to the Vaults.
 36409 | D:13     | Found Laytyreu's Armour Shoppe.
 37547 | D:14     | Found Gutor's Jewellery Boutique.
 37689 | D:14     | Learned a level 1 spell: Magic Dart
 37692 | D:14     | Learned a level 2 spell: Blink
 37897 | D:14     | Reached skill level 1 in Maces & Flails
 38303 | D:15     | Entered Level 15 of the Dungeon
 39324 | D:14     | Identified a scroll of acquirement
 39325 | D:14     | Acquired 1610 gold pieces
 39439 | D:15     | Reached skill level 14 in Conjurations
 39752 | D:15     | Found Jeiprytt's Antique Weapon Boutique.
 40176 | D:15     | Found a staircase to the Depths.
 40281 | D:15     | Found a shadowy altar of Dithmenos.
 40724 | Orc:1    | Entered Level 1 of the Orcish Mines
 40726 | Orc:1    | Noticed Nergalle
 41144 | D:10     | Killed Nergalle
 41265 | Orc:1    | Killed from afar by an orc priest

Illustrated notes

Levels and vault maps discovered:
D:1:      dpeg_arrival_water_altar, layout_basic, serial_bayou_pond_d,
          minmay_misc_feat_roman
D:2:      layout_basic, cheibriados_altar_1, nicolae_tso_carved_into_rock,
          uniq_robin, uniq_sigmund, uniq_crazy_yiuf_cottage
D:3:      kennysheep_big_flooded_room, layout_basic, first_ration,
          small_statue_intersection, hangedman_ru_absence
D:4:      layout_loops_ring, nicolae_overflow_crystal_walls,
          kiku_gazebo_pond_becter, kennysheep_mini, st_stairs_11
D:5:      layout_loops_ring, hex_medium, uniq_duvessa, uniq_blork_the_orc
D:6:      layout_layer_cave, minitemple, minmay_temple_entry_enclosed_plants,
          serial_shops, kennysheep_mini_moat, nicolae_shop_behind_doors, shop,
          nicolae_shop_behind_doors
D:7:      cheibrodos_fzero, layout_gridville, fedhas_altar_decomposition,
          basic_altar
D:8:      layout_cave_pools, grunt_livestock, minmay_mini_ossuary
D:9:      layout_grid_maze, evilmike_ruin_ashenzari, uniq_gastronok,
          uniq_prince_ribbit1, uniq_psyche, uniq_harold, uniq_erolcha
D:10:     layout_irregular_city, lair_entry_dummy, david_orc_3,
          serial_bayou_lake_a
D:11:     layout_cave_pools, serial_shops, shop
D:12:     layout_stronghold, gammafunk_ghost_mausoleum
D:13:     erik_rubicon_b, layout_loops_corners,
          hangedman_vaults_entry_quadrant_bands, serial_shops,
          nicolae_shop_statue_plus
D:14:     layout_loops_corners, serial_shops, nicolae_shop_crystal
D:15:     gammafunk_enter_depths_forms, layout_basic,
          nicolae_dithmenos_shadow_blocks, serial_shops, shop_fountains,
          minmay_beelzebubs_servants
Temple:   oiseaux_autumnal_temple
Lair:1:   layout_loops_ring
Lair:2:   layout_cave_pods, lemuel_fruit_fields, serial_bayou_shore_b
Lair:3:   layout_long_grid, swamp_mist, minmay_snake_entry_guardpost_small
Lair:4:   layout_cave_pods, uniq_kirke
Lair:5:   layout_concentric_octagons, grunt_megastairs_2,
          minmay_lair_oklob_chamber
Lair:6:   hangedman_lair_in_review, layout_small_grid, guppyfry_lair_end_dragon,
          slime_altar_1, portal_ice_cave_entry_pillars_2, grunt_megastairs_5
Orc:1:    layout_caves, bloody_makhleb, uniq_nergalle

Skill      XL: |  1  2  3  4  5  6  7  8  9 10 11 12 13 14 15 |
---------------+----------------------------------------------+-----
Conjurations   | 2 3 4 5 6 8 9 10 10 11 12 13 14 | 14.1
Fighting       | 1 3 4 5 5 6 7 8 |  8.6
Spellcasting   | 3 4 5 6 7 8 9 10 | 10.5
Fire Magic     | 4 5 6 7 8 9 9 10 11 12 | 12.2
Dodging        | 0 |  0.0
Slings         | 1 3 4 |  4.2
Polearms       | 2 3 |  3.0
Stealth        | 0 |  0.0
Armour         | 1 2 3 4 |  4.0
Evocations     | 1 2 0 |  0.0
Long Blades    | 1 3 5 7 8 |  8.3
Charms         | 1 2 3 4 |  4.9
Earth Magic    | 2 3 4 5 |  5.7
Maces & Flails | 2 |  2.0
Throwing       | |  0.1
Translocations | |  0.9

Action                   |  1- 3 |  4- 6 |  7- 9 | 10-12 | 13-15 || total
-------------------------+-------+-------+-------+-------+-------++-------
Melee: Club              |     8 |       |       |       |       ||     8
       Kick              |     2 |     3 |     1 |    15 |    91 ||   112
       Peck              |     1 |     2 |     1 |     9 |    56 ||    69
       Short sword       |       |    14 |     2 |       |       ||    16
       Dagger            |       |       |     1 |       |       ||     1
       Scythe            |       |       |    22 |    21 |       ||    43
       Falchion          |       |       |       |    40 |   254 ||   294
       Unarmed           |       |       |       |       |     2 ||     2
       Great mace        |       |       |       |       |    25 ||    25
 Fire: Hunting sling     |       |       |    67 |    76 |    25 ||   168
Throw: Dart              |    14 |     5 |     3 |     5 |   114 ||   141
       Javelin           |       |       |       |     3 |    13 ||    16
 Cast: Foxfire           |    71 |   141 |   156 |    96 |   147 ||   611
       Conjure Flame     |       |     7 |    15 |     1 |     4 ||    27
       Sticky Flame      |       |       |    20 |    37 |    85 ||   142
       Fireball          |       |       |    22 |   113 |   146 ||   281
       Bolt of Magma     |       |       |       |    12 |    41 ||    53
       Iskenderun's Batt |       |       |       |    14 |    66 ||    80
       Inner Flame       |       |       |       |     4 |    15 ||    19
       Orb of Destructio |       |       |       |       |    15 ||    15
       Iron Shot         |       |       |       |       |    33 ||    33
       Magic Dart        |       |       |       |       |    32 ||    32
       Blink             |       |       |       |       |    10 ||    10
Invok: Sacrifice Nimblen |       |       |     1 |       |       ||     1
       Sacrifice Stealth |       |       |     1 |       |       ||     1
       Draw Out Power    |       |       |       |     2 |     6 ||     8
       Sacrifice Artific |       |       |       |     1 |       ||     1
       Sacrifice Skill   |       |       |       |     1 |       ||     1
       Apocalypse        |       |       |       |     2 |     2 ||     4
       Sacrifice Love    |       |       |       |     1 |       ||     1
       Power Leap        |       |       |       |       |     2 ||     2
 Abil: Fly               |       |     1 |       |       |     2 ||     3
       Stop Flying       |       |       |       |       |     2 ||     2
Evoke: Wand              |       |       |     3 |    12 |       ||    15
  Use: Scroll            |     5 |     7 |     8 |    13 |    24 ||    57
       Potion            |       |       |     7 |    13 |    24 ||    44
 Stab: Invisible         |       |     1 |       |       |     3 ||     4
       Sleeping          |       |       |       |       |     7 ||     7
       Distracted        |       |       |       |       |     1 ||     1
       Paralysed         |       |       |       |       |     7 ||     7
  Eat: Chunk             |     3 |     4 |     7 |    14 |    31 ||    59
       Ration            |       |     2 |     6 |    17 |    29 ||    54
Armor: Robe              |     2 |     1 |    22 |    28 |   165 ||   218
       Skin              |       |       |    14 |     1 |    19 ||    34
Dodge: Dodged            |    11 |    13 |    41 |    94 |   260 ||   419
       Rpst.: Falchion   |       |       |       |     8 |    59 ||    67
